AoeStats
← 海峡

Arabia

508467370Analyzed
1v1 RM · 11d ago on Sep 22, 2026· 22m 53s· 2 players
Game mode
Random Map
Map size
Tiny (2 player)
Population
200
Speed
Normal
Resources
Standard
Victory
Conquest
Starting age
Dark Age
Ending age
Imperial Age
RankedLock teamsTeams togetherTeam positionsShared explorationLock speedFull tech treeHidden civsTurbo modeCheats
Victory
Defeat
🇦🇹 Random · Austria
1760
+12
🇨🇳 Random · China
1666
-12
Black Lotus
4:08 Loom
8:55 Feudal Age
10:13 Double-Bit Axe
19:09 Castle Age
18:21 Fletching
19:15 Horse Collar
19:11 Crossbowman
19:47 Bodkin Arrow
海峡
6:07 Loom
6:14 Loom
9:21 Feudal Age
9:23 Man-at-Arms
10:13 Double-Bit Axe
14:31 Wheelbarrow
13:58 Horse Collar
15:16 Fletching
21:29 Castle Age
20:01 Padded Archer Armor
20:00 Horse Collar
Connection lost

Rejoining the realm…

Still unreachable

The connection could not be restored.

Session expired

The server has moved on; the page needs a fresh start.